 Dungeon Crawl Stone Soup version 0.29-a0-11-ga75d3d97ab (webtiles) character file.

Game seed: 759241451826703072

1429 mathmaestro the Ruffian (level 8, -2/80 HPs)
             Began as a Troll Monk on Jan 28, 2022.
             Slain by a killer bee (4 damage)
             ... on level 6 of the Dungeon.
             The game lasted 00:07:03 (4301 turns).

mathmaestro the Ruffian (Troll Monk)                Turns: 4301, Time: 00:07:05

Health: -2/80      AC:  4    Str: 22    XL:     8   Next: 44%
Magic:  7/7        EV: 11    Int:  6    God:
Gold:   131        SH:  5    Dex: 12    Spells: 7/7 levels left

rFire   . . .      SeeInvis .     - Unarmed
rCold   . . .      Faith    .   (no shield)
rNeg    . . .      Spirit   .   a - +0 robe
rPois   .          Reflect  +   (helmet restricted)
rElec   .          Harm     .   m - scarf {repulsion}
rCorr   .          Rampage  .   (gloves unavailable)
Will    .....                   (boots unavailable)
Stlth   ++........              o - amulet of reflection
HPRegen 1.03/turn               l - ring of flight
MPRegen 0.10/turn               (no ring)

@: lethally poisoned (-2 -> -27), about to teleport, flying, repel missiles
A: large, unfitting armour, claws 3, regeneration 1, shaggy fur 1, tough skin 1
a: no special abilities


You were on level 6 of the Dungeon.
You visited 1 branch of the dungeon, and saw 6 of its levels.

You collected 267 gold pieces.
You spent 136 gold pieces at shops.

Inventory:

Hand Weapons
 z - a +4 long sword of draining
Missiles
 c - 75 arrows
 e - 227 stones
 p - 5 boomerangs (quivered)
 s - 27 sling bullets
 w - 20 bolts
Armour
 a - a +0 robe (worn)
 m - a scarf of repulsion (worn)
Jewellery
 l - a ring of flight (left claw)
 n - a ring of ice
 o - an amulet of reflection (around neck)
Wands
 t - a wand of charming (14)
Scrolls
 b - 2 scrolls of teleportation
 j - a scroll of identify
Potions
 f - 3 potions of lignification
 k - 4 potions of brilliance
 x - 2 potions of mutation


   Skills:
 + Level 5.0 Fighting
 + Level 4.3 Throwing
 + Level 5.0 Dodging
 - Level 1.0 Stealth
 + Level 6.1 Unarmed Combat


You had 7 spell levels left.
You didn't know any spells.
Your spell library contained the following spells:

 Spells                   Type           Power      Damage    Failure   Level
 Freeze                   Ice            0%         1d3       45%         1
 Frozen Ramparts          Ice            0%         1d2       83%         3
 Hailstorm                Conj/Ice       0%         3d3       99%         4


Dungeon Overview and Level Annotations

Branches:
Dungeon (6/15)
 Temple: D:4-7

Altars:
Makhleb
Okawaru
Qazlal
Xom
Yredelemnul

Shops:
D:4 [   D:5 =   D:6 (


Innate Abilities, Weirdness & Mutations

You are too large for most types of armour.
You have claws for hands.
Your natural rate of healing is unusually fast.
You are covered in fur. (AC +1)
You have tough skin. (AC +1)


Message History

* * * LOW HITPOINT WARNING * * *
You feel very sick. You block the killer bee's attack.
The killer bee stings you!
* * * LOW HITPOINT WARNING * * *
The killer bee stings your water moccasin skeleton.
The killer bee stings you.
* * * LOW HITPOINT WARNING * * *
Your water moccasin skeleton closely misses the killer bee.
The killer bee stings you.
* * * LOW HITPOINT WARNING * * *
You are more poisoned.
The killer bee poisons you! The killer bee closely misses you.
The killer bee barely misses your water moccasin skeleton.
The killer bee barely misses you.
You feel much better.
* * * LOW HITPOINT WARNING * * *
You feel extremely sick. The killer bee closely misses you. x2
The killer bee stings your water moccasin skeleton.
The killer bee stings you.
* * * LOW HITPOINT WARNING * * *
Your water moccasin skeleton bites the killer bee.
The killer bee stings you.
* * * LOW HITPOINT WARNING * * *
You are more poisoned.
The killer bee poisons you! You block the killer bee's attack.
The killer bee stings your water moccasin skeleton!
Your water moccasin skeleton is destroyed!
Your water moccasin skeleton dissolves into shadows!
The killer bee stings you.
* * * LOW HITPOINT WARNING * * *
You are more poisoned.
The killer bee poisons you!
Okay, then.
As you read the scroll of teleportation, it crumbles to dust.
You feel strangely unstable.
* * * LOW HITPOINT WARNING * * *
You feel extremely sick. The killer bee stings you.
You die...

#........
#......<#
#...../.######
+.............
#.........y...
#.....y..y....
###y##
##.yy.####
#..y@....#
#........#
#........#
#####...##
..##.##...####
........)....#
........)....#
.............#
.............#


You could see 5 killer bees.

Vanquished Creatures
  Grinder (D:6)
  An ice beast (D:6)
  A black bear (D:4)
  An ogre (D:5)
  2 phantoms
  2 scorpions
  A centaur skeleton (D:4)
  4 hounds
  A bullfrog skeleton (D:5)
  A gnoll shaman (D:4)
  3 jellies
  4 iguanas
  10 gnolls (D:4)
  5 adders
  An adder skeleton (D:5)
  2 worms
  4 dart slugs
  15 orcs
  3 bats (D:1)
  3 endoplasms
  3 giant cockroaches
  3 goblins
  6 hobgoblins
  4 jackals
  3 quokkas
  6 ball pythons
  A frilled lizard (D:3)
  5 kobolds
  A quokka skeleton (D:4)
  8 rats
105 creatures vanquished.

Vanquished Creatures (collateral kills)
  A killer bee (D:6)
1 creature vanquished.

Grand Total: 106 creatures vanquished

Notes
Turn   | Place    | Note
-------+----------+-------------------------------------------
     0 | D:1      | mathmaestro the Troll Monk began the quest for the Orb.
     0 | D:1      | Reached XP level 1. HP: 22/22 MP: 0/0
     3 | D:1      | You fall into a shaft and drop 1 floor!
   135 | D:2      | Reached XP level 2. HP: 29/29 MP: 1/1
   280 | D:1      | Reached XP level 3. HP: 36/36 MP: 2/2
   923 | D:2      | Reached XP level 4. HP: 45/45 MP: 3/3
   928 | D:2      | Found a faded altar of an unknown god.
  1092 | D:2      | Reached skill level 1 in Throwing
  1821 | D:4      | Noticed a black bear
  1830 | D:4      | Killed a black bear
  1831 | D:4      | Reached skill level 4 in Unarmed Combat
  1831 | D:4      | Reached XP level 5. HP: 42/53 MP: 4/4
  1960 | D:4      | Reached XP level 6. HP: 46/61 MP: 5/5
  2238 | D:4      | Found Misuv's Armour Boutique.
  2613 | D:4      | Reached XP level 7. HP: 58/68 MP: 6/6
  3101 | D:5      | Entered Level 5 of the Dungeon
  3154 | D:5      | Reached skill level 5 in Unarmed Combat
  3423 | D:5      | Found a stormy altar of Qazlal.
  3685 | D:5      | Found a basalt altar of Yredelemnul.
  3697 | D:5      | Found an iron altar of Okawaru.
  3700 | D:5      | Found a burning altar of Makhleb.
  3703 | D:5      | Found a shimmering altar of Xom.
  3707 | D:5      | Reached XP level 8. HP: 76/79 MP: 7/7
  3774 | D:5      | Found Woill's Jewellery Emporium.
  4024 | D:6      | Noticed Grinder
  4026 | D:6      | Paralysed by Grinder for 2 turns
  4043 | D:6      | Killed Grinder
  4067 | D:6      | Reached skill level 5 in Fighting
  4067 | D:6      | Reached skill level 5 in Dodging
  4067 | D:6      | Reached skill level 6 in Unarmed Combat
  4145 | D:6      | Found Qatt's Antique Weapon Shoppe.
  4214 | D:6      | Bought a glowing long sword for 136 gold pieces
  4301 | D:6      | HP: 2/80 [poisoned by a killer bee]
  4301 | D:6      | Slain by a killer bee

Illustrated notes

Levels and vault maps discovered:
D:1:      dpeg_arrival_solitude, layout_basic
D:2:      layout_loops_cross, shapermc_ecumenical_altar_totnotflames
D:3:      layout_rooms, serial_corexii_hall, corexii_hall_statues_i,
          corexii_hall_statues_x
D:4:      layout_basic, serial_shops, shop
D:5:      layout_basic, grunt_temple_overflow_cloverleaf,
          nicolae_qazlal_eye_of_the_storm, serial_shops, shop
D:6:      layout_gridville, serial_shops, nicolae_inconvenience_store,
          nicolae_stop_n_shop_2, uniq_maggie, uniq_grinder

Skill      XL: |  1  2  3  4  5  6  7  8 |
---------------+-------------------------+-----
Fighting       | 3 4 5 |  5.0
Dodging        | 3 4 5 |  5.0
Throwing       | 1 2 3 4 |  4.3
Unarmed Combat | 4 5 6 |  6.1
Stealth        | |  1.0

Action                   |  1- 3 |  4- 6 |  7- 9 || total
-------------------------+-------+-------+-------++-------
Melee: Unarmed           |    82 |   114 |   133 ||   329
       Punch             |       |     3 |     4 ||     7
  Use: Scroll            |       |       |    15 ||    15
       Potion            |       |       |     1 ||     1
 Stab: Sleeping          |     2 |     1 |     2 ||     5
Armor: Robe              |    44 |    19 |    12 ||    75
Dodge: Dodged            |    31 |    45 |    62 ||   138
       Repelled          |       |     2 |       ||     2
Block: Other             |       |    14 |    22 ||    36

Table legend: (Time is in decaauts)
 A = Elapsed time spent in this place.
 B = Non-inter-level travel time spent in this place.
 C = Inter-level travel time spent in this place.
 D = Time resting spent in this place.
 E = Time spent auto-exploring this place.
 F = Levels seen in this place.
 G = Mean time per level.
                   A        B        C        D        E       F      G
               +--------+--------+--------+--------+--------+-----+--------+
         Total |   4274 |   4180 |     94 |    141 |   3294 |   6 |  712.3 |
       Dungeon |   4274 |   4180 |     94 |    141 |   3294 |   6 |  712.3 |
               +--------+--------+--------+--------+--------+-----+--------+

Top non-repeatable levels by time:
     D:4: 1246 daAuts
     D:5: 806 daAuts
     D:2: 776 daAuts
     D:1: 610 daAuts
     D:3: 452 daAuts
     D:6: 382 daAuts
